 Dungeon Crawl Stone Soup version 0.30-a0-1160-g6e42c06551 (webtiles) character file.

Game seed: 10406669453697825981

42827 Dittersdorf the Warrior (level 14, -10/98 HPs)
             Began as a Gargoyle Fighter on Apr 25, 2023.
             Was a High Priest of Okawaru.
             Killed from afar by a fire dragon (46 damage)
             ... with a blast of flame
             ... on level 4 of the Lair of Beasts.
             The game lasted 00:19:01 (10817 turns).

Dittersdorf the Warrior (Gargoyle Fighter)         Turns: 10817, Time: 00:19:01

Health: -10/98     AC: 33    Str: 24    XL:     14   Next: 21%
Magic:  14/14      EV: 12    Int: 12    God:    Okawaru [*****.]
Gold:   815        SH: 17    Dex: 15    Spells: 13/13 levels left

rFire   . . .        q - +6 shillelagh "Devastator" {shatter}
rCold   . . .        F - +0 kite shield
rNeg    + + .        f - +0 plate armour
rPois   ∞            (no helmet)
rElec   +            x - +1 cloak
rCorr   +            e - +2 pair of gloves
SInv    +            D - +0 pair of boots
Will    +....        I - amulet of reflection Stlth
                     w - +5 ring of evasion
HPRegen 0.36/turn    a - ring "Kefahoy" {rN+ rCorr Int+2 Dex+6 SInv}
MPRegen 0.14/turn

%: reflection
@: flying
A: sickness immunity, AC +10, big wings, negative energy resistance 1,
electricity resistance, torment resistance 1, petrification resistance
a: Renounce Religion, Heroism, Finesse, Duel


You were on level 4 of the Lair of Beasts.
You worshipped Okawaru.
Okawaru was extremely pleased with you.
You visited 3 branches of the dungeon, and saw 15 of its levels.

You collected 815 gold pieces.

Inventory:

Hand Weapons
 q - the +6 shillelagh "Devastator" (weapon) {shatter}
   (You found it on level 2 of the Dungeon)
 u - the +6 mace "Ogou" {flame, +Blink Int+2}
   (You found it on level 4 of the Dungeon)

   Int:       It affects your intelligence (+2).
   +Blink:    It lets you blink.
 E - a +2 morningstar
Armour
 e - a +2 pair of gloves (worn)
 f - a +0 plate armour (worn)
 x - a +1 cloak (worn)
 D - a +0 pair of boots (worn)
 F - a +0 kite shield (worn)
Jewellery
 a - the ring "Kefahoy" (right hand) {rN+ rCorr Int+2 Dex+6 SInv}
   (You acquired it on level 5 of the Dungeon)

   [ring of dexterity]

   Int:       It affects your intelligence (+2).
   Dex:       It affects your dexterity (+6).
   rN:        It protects you from negative energy.
   SInv:      It lets you see invisible.
   rCorr:     It protects you from acid and corrosion.
 w - a +5 ring of evasion (left hand)
 B - a ring of fire
 I - an amulet of reflection (around neck)
Wands
 s - a wand of iceblast (32)
 t - a wand of quicksilver (6)
 y - a wand of paralysis (6)
Scrolls
 b - a scroll of fog
 j - a scroll of noise {unknown}
 k - 3 scrolls of fear
 l - 9 scrolls of teleportation
 n - 2 scrolls of magic mapping
 r - a scroll of blinking
 v - a scroll of enchant armour
 C - 4 scrolls of poison
 G - a scroll of silence {unknown}
Potions
 c - a potion of cancellation
 d - 4 potions of might
 g - 8 potions of ambrosia
 h - a potion of brilliance
 i - 4 potions of heal wounds
 m - 12 potions of curing
 o - 2 potions of haste
 p - 2 potions of berserk rage
 H - a potion of magic {unknown}


   Skills:
 + Level 15.1 Fighting
 + Level 11.4 Maces & Flails
 + Level 12.6 Armour
 + Level 12.6 Shields


You had 13 spell levels left.
You didn't know any spells.
Your spell library contained the following spells:

 Spells                   Type           Power      Damage    Failure   Level
 Magic Dart               Conj           0%         1d3       99%         1
 Searing Ray              Conj           0%         2d4       100%        2
 Static Discharge         Conj/Air       0%         2-2/arc   100%        2
 Ignite Poison            Fire/Tmut/Pois 0%         N/A       100%        3
 Portal Projectile        Hex/Tloc       0%         N/A       100%        3
 Airstrike                Air            0%         2d(0-16)  100%        4
 Cause Fear               Hex            0%         N/A       100%        4
 Fulminant Prism          Conj/Hex       0%         3d5       100%        4
 Sticky Flame             Conj/Fire      0%         2d3       100%        4
 Blade Hands              Tmut           0%         N/A       100%        5
 Dragon Form              Tmut           0%         N/A       100%        7
 Ignition                 Fire           0%         3d3       100%        8
 Tukima's Dance           Hex            Unusable   N/A       N/A         3
 Summon Lightning Spire   Summ/Air       Unusable   N/A       N/A         4
 Dragon's Call            Summ           Unusable   N/A       N/A         9

Dungeon Overview and Level Annotations

Branches:
Dungeon (10/15)            Temple (1/1) D:7            Lair (4/5) D:10
  Swamp (0/4) Lair:3       Spider (0/4) Lair:2          Orc (0/2) D:10
  Slime: Lair:4-5

Altars:
Ashenzari
Cheibriados
Dithmenos
Elyvilon
Fedhas
Gozag
Hepliaklqana
Kikubaaqudgha
Makhleb
Nemelex Xobeh
Okawaru
Qazlal
Ru
Sif Muna
Trog
Uskayaw
Vehumet
Wu Jian
Xom
Yredelemnul
Zin
The Shining One

Shops:
D:6 :


Innate Abilities, Weirdness & Mutations

You are immune to sickness and miasma.
Your stone body is resilient. (AC +10)
You are immune to poison.
Your large and strong wings let you fly.
You resist negative energy. (rN+)
You are resistant to electric shocks. (rElec)
You are resistant to unholy torment.
You are immune to petrification.


Message History

The icy flash freeze hits you!
You are encased in ice.
You hit the rime drake.
The rime drakes, the plant and the fire dragon shudder.
The rime drake is lightly wounded.
The plant begins to die.
The plant is lightly damaged.
The fire dragon is lightly wounded.
The rime drake is lightly wounded.
You block the rime drake's attack.
You hit the rime drake.
The rime drakes, the plant and the fire dragon shudder.
The plant is lightly damaged.
The rime drake is moderately wounded.
The sentinel's mark upon you fades away.
The rime drake barely misses you.
You hit the rime drake.
The rime drakes, the plant and the fire dragon shudder.
The plant is moderately damaged.
The fire dragon is lightly wounded.
The rime drake is moderately wounded.
You block the rime drake's attack.
You barely miss the rime drake.
The rime drake is moderately wounded.
You hit the fire dragon.
The fire dragon, the plant and the rime drakes shudder.
The plant is moderately damaged.
The rime drake is almost dead.
The fire dragon is lightly wounded.
The ice encasing you melts away.
You hit the fire dragon.
The fire dragon, the plant and the rime drakes shudder.
The fire dragon is lightly wounded.
The plant is moderately damaged.
The rime drake is almost dead.
The rime drake is moderately wounded.
The fire dragon is lightly wounded.
A nearby plant withers and dies.
The fire dragon breathes flames at you. The blast of flame hits you!!!
You die...

..#P.# #.##.# ...##
#..#.# ##.... ###..#
##....## #..# ≈.....#
##.# .D...#
#.########### #.D..##
##...........####kD...#
#.............@DkkDD.#
#.P.......P..#.#kk#.##
##.........P####### #
###........###
#..........##
#..........P#
###.......###
##........#
##.........#


You could see a fire dragon (catching breath), 5 rime drakes and 3 steam
dragons.

Vanquished Creatures
  A hydra (Lair:2)
  A two-headed ogre (D:10)
  Pikel (D:6)
  An oklob plant (Lair:2)
  7 elephants
  2 black mambas (Lair:1)
  7 cane toads
  9 komodo dragons
  9 rime drakes
  Psyche (D:8)
  A queen bee (Lair:3)
  A tarantella (Lair:2)
  6 dream sheep (Lair:3)
  8 blink frogs
  5 wyverns
  A basilisk (Lair:1)
  38 yaks
  3 steam dragons
  Menkaure (D:5)
  Grum (D:8)
  An acid dragon (D:9)
  14 water moccasins
  An orc warrior (D:9)
  A sky beast (D:6)
  3 ice beasts
  An ogre (D:4)
  18 wolves
  2 phantoms
  4 centaurs
  A lemure (D:6)
  3 kobold brigands
  6 bullfrogs
  5 scorpions
  9 wights
  30 killer bees
  3 howler monkeys (D:7)
  3 jellies
  4 orc priests
  3 sleepcaps
  Jessica (D:3)
  3 iguanas
  7 orc wizards
  Terence (D:3)
  4 gnolls (D:7)
  6 adders
  A white imp (D:6)
  8 worms
  2 dart slugs
  17 orcs
  4 endoplasms
  3 giant cockroaches
  5 goblins
  6 hobgoblins
  15 jackals
  7 quokkas
  5 ball pythons
  3 bats
  20 kobolds
  4 rats
338 creatures vanquished.

Vanquished Creatures (others)
  31 fungi
  38 plants
69 creatures vanquished.

Grand Total: 407 creatures vanquished

Notes
Turn   | Place    | Note
-------+----------+-------------------------------------------
     0 | D:1      | Dittersdorf the Gargoyle Fighter began the quest for the
                  | Orb.
     0 | D:1      | Reached XP level 1. HP: 14/14 MP: 1/1
   341 | D:1      | Reached XP level 2. HP: 19/19 MP: 2/2
   710 | D:2      | Found a faded altar of an unknown god.
   813 | D:2      | Found a glowing silver altar of Zin.
   853 | D:2      | Reached XP level 3. HP: 23/23 MP: 3/3
  1261 | D:2      | Found the +6 shillelagh "Devastator" {shatter}
  1651 | D:3      | Reached XP level 4. HP: 29/29 MP: 4/4
  1785 | D:3      | Reached skill level 4 in Fighting
  1807 | D:3      | Noticed Terence
  1813 | D:3      | Killed Terence
  1888 | D:3      | Noticed Jessica
  1893 | D:3      | Killed Jessica
  1894 | D:3      | Reached XP level 5. HP: 31/33 MP: 5/5
  1913 | D:3      | Found a shimmering altar of Xom.
  1976 | D:3      | Found a glowing golden altar of the Shining One.
  2344 | D:4      | Reached XP level 6. HP: 36/39 MP: 6/6
  2492 | D:4      | Identified the +6 mace "Ogou" {flame, +Blink Int+2}
  2517 | D:4      | Reached skill level 5 in Fighting
  2517 | D:4      | Reached skill level 5 in Armour
  2517 | D:4      | Reached skill level 5 in Shields
  2517 | D:4      | Reached XP level 7. HP: 44/44 MP: 7/7
  2589 | D:4      | Found an ancient bone altar of Kikubaaqudgha.
  2846 | D:5      | Entered Level 5 of the Dungeon
  2866 | D:5      | Identified a scroll of acquirement
  2866 | D:5      | Acquired the ring "Kefahoy" {rN+ rCorr Int+2 Dex+6 SInv}
  2889 | D:5      | Found a stormy altar of Qazlal.
  2896 | D:5      | Found a radiant altar of Vehumet.
  3249 | D:5      | Noticed Menkaure
  3253 | D:5      | Killed Menkaure
  3254 | D:5      | Reached XP level 8. HP: 51/51 MP: 8/8
  3503 | D:6      | Found Ubydoq's Book Emporium.
  3553 | D:6      | Reached skill level 6 in Fighting
  3553 | D:6      | Reached skill level 5 in Maces & Flails
  3930 | D:6      | Noticed Pikel
  3942 | D:6      | Killed Pikel
  3943 | D:6      | Reached skill level 7 in Fighting
  3943 | D:6      | Reached XP level 9. HP: 49/57 MP: 9/9
  4293 | D:7      | Found a staircase to the Ecumenical Temple.
  4299 | Temple   | Entered the Ecumenical Temple
  4467 | D:7      | Found a shimmering blue altar of Sif Muna.
  5256 | D:7      | Found a blossoming altar of Fedhas.
  5408 | D:8      | Reached skill level 8 in Fighting
  5731 | D:8      | Found a basalt altar of Yredelemnul.
  5752 | D:8      | Reached XP level 10. HP: 40/64 MP: 10/10
  5850 | D:8      | Noticed Psyche
  5850 | D:8      | Noticed Grum
  5858 | D:8      | Killed Psyche
  5860 | D:8      | Killed Grum
  6308 | D:9      | Reached skill level 9 in Fighting
  6660 | D:10     | Entered Level 10 of the Dungeon
  6893 | D:10     | Found an iron altar of Okawaru.
  6901 | D:10     | Became a worshipper of Warmaster Okawaru
  6904 | D:10     | Found a staircase to the Lair.
  6925 | D:10     | Reached XP level 11. HP: 46/71 MP: 11/11
  6926 | D:10     | Reached * piety under Okawaru
  7187 | D:10     | Found a staircase to the Orcish Mines.
  7228 | D:10     | Noticed a two-headed ogre
  7239 | D:10     | Killed a two-headed ogre
  7277 | D:10     | Reached skill level 10 in Fighting
  7277 | D:10     | Reached skill level 10 in Armour
  7278 | D:10     | Reached skill level 10 in Shields
  7425 | D:10     | Noticed a brown ugly thing
  7585 | Lair:1   | Entered Level 1 of the Lair of Beasts
  7604 | D:10     | Reached ** piety under Okawaru
  7803 | Lair:1   | Reached *** piety under Okawaru
  8045 | Lair:1   | Reached **** piety under Okawaru
  8285 | Lair:1   | Reached XP level 12. HP: 61/79 MP: 12/12
  8289 | Lair:1   | Reached skill level 11 in Fighting
  8624 | Lair:2   | Reached skill level 10 in Maces & Flails
  8689 | Lair:2   | Noticed a five-headed hydra
  8695 | Lair:2   | Killed a five-headed hydra
  8771 | Lair:2   | Found a hole to the Spider Nest.
  8784 | Lair:2   | Reached ***** piety under Okawaru
  9013 | Lair:2   | Received a gift from Okawaru
  9083 | Lair:2   | Reached skill level 14 in Fighting
  9083 | Lair:2   | Reached XP level 13. HP: 89/91 MP: 13/13
  9412 | Lair:2   | Found a blossoming altar of Fedhas.
 10086 | Lair:3   | Gained mutation: Your large and strong wings let you fly.
                  | [Gargoyle growth]
 10086 | Lair:3   | Reached XP level 14. HP: 96/96 MP: 14/14
 10182 | Lair:3   | Found a staircase to the Swamp.
 10786 | Lair:4   | Identified the +1 scale mail of Cogastik {Str+8 Dex-3}
                  | (Okawaru gifted it to you on level 4 of the Lair of Beasts)
 10786 | Lair:4   | Received a gift from Okawaru
 10788 | Lair:4   | Reached skill level 15 in Fighting
 10817 | Lair:4   | Killed from afar by a fire dragon

Illustrated notes

Levels and vault maps discovered:
D:1:      dpeg_arrival_fog, layout_basic, nrook_loot_triangle,
          serial_park_tiny_1, chequers_serial_rivers_micro_a, st_stairs_11
D:2:      layout_loops_ring, basic_altar, hellmonk_ecumenical_altar_zigzags,
          kennysheep_generic_room_3
D:3:      layout_loops_cross, xom_teletrap_fun, mainiacjoe_overflow_alcove_4,
          minmay_misc_feat_roman, minmay_misc_feat_hallway, nicolae_wormholes,
          uniq_terence, uniq_jessica
D:4:      layout_rooms, kiku_gazebo_pond_becter, chequers_hall_statues_y
D:5:      layout_basic, mainiacjoe_overflow_big_doors, uniq_menkaure
D:6:      layout_gridville, serial_shops, shop, uniq_pikel
D:7:      layout_basic, mainiacjoe_overflow_tiny_flanked,
          mainiacjoe_overflow_brackets, minmay_temple_entry_steel_oval
D:8:      nicolae_cairo_tiling_large, layout_loops_ring,
          mainiacjoe_overflow_concentric_impassable, serial_park_tiny_1,
          minivault_26, uniq_psyche, uniq_grum
D:9:      layout_cross
D:10:     layout_irregular_city, okawaru_ov_weapons_minmay, lair_entry_dummy,
          orc_0_dummy, onia_ninara_dug_in_and_dangerous
Temple:   nicolae_temple_god_jail
Lair:1:   layout_regular_city, grunt_megastairs_4, lemuel_fruit_fields,
          serial_bayou_shore_b, infiniplex_staircase_pool_2
Lair:2:   layout_regular_city, spider_nest_entry_rubble, st_stairs_5,
          tgw_fedhas, serial_bayou_shore_b
Lair:3:   layout_loops_ring, swamp_mist, special_room [special_room_bee],
          lemuel_fruit_fields, grunt_megastairs_5
Lair:4:   layout_cave_shapes, slime_entry_1, gammafunk_ghost_abyssal_escape,
          bobbens_dragon_lair_wall

Skill      XL: |  1  2  3  4  5  6  7  8  9 10 11 12 13 14 |
---------------+-------------------------------------------+-----
Fighting       | 4 5 7 8 9 10 14 15 | 15.1
Shields        | 4 5 7 8 9 11 12 | 12.6
Armour         | 4 5 7 8 9 11 12 | 12.6
Maces & Flails | 3 4 6 7 8 9 10 11 | 11.4

Action                     |  1- 3 |  4- 6 |  7- 9 | 10-12 | 13-15 || total
---------------------------+-------+-------+-------+-------+-------++-------
  Melee: Flail             |    51 |       |       |       |       ||    51
         Morningstar       |    52 |       |       |       |       ||    52
         Shillelagh        |     7 |    52 |   144 |   275 |   175 ||   653
    Use: Scroll            |       |       |    19 |     6 |     1 ||    26
         Potion            |       |       |       |     1 |       ||     1
 Armour: Scale mail        |    54 |    16 |    24 |       |       ||    94
         Chain mail        |       |       |    33 |    12 |       ||    45
         Plate armour      |       |       |       |   125 |    48 ||   173
  Dodge: Dodged            |    41 |    19 |   127 |   134 |    49 ||   370
  Block: Buckler           |    18 |     6 |    60 |    53 |       ||   137
         Kite shield       |       |       |       |   116 |   130 ||   246
         Reflection        |       |       |       |       |     4 ||     4

Table legend: (Time is in decaauts)
 A = Elapsed time spent in this place.
 B = Non-inter-level travel time spent in this place.
 C = Inter-level travel time spent in this place.
 D = Time resting spent in this place.
 E = Time spent auto-exploring this place.
 F = Levels seen in this place.
 G = Mean time per level.
                   A        B        C        D        E       F      G
               +--------+--------+--------+--------+--------+-----+--------+
         Total |  10818 |  10189 |    629 |    282 |   8067 |  15 |  721.2 |
       Dungeon |   7592 |   7091 |    501 |    282 |   5518 |  10 |  759.2 |
        Temple |     84 |     59 |     25 |      0 |     47 |   1 |   84.0 |
          Lair |   3141 |   3038 |    103 |      0 |   2501 |   4 |  785.2 |
               +--------+--------+--------+--------+--------+-----+--------+

Top non-repeatable levels by time:
  Lair:2: 1122 daAuts
  Lair:1: 982 daAuts
     D:2: 969 daAuts
    D:10: 957 daAuts
     D:8: 955 daAuts
     D:7: 925 daAuts
  Lair:3: 859 daAuts
     D:6: 841 daAuts
     D:1: 692 daAuts
     D:3: 688 daAuts
     D:5: 606 daAuts
     D:4: 550 daAuts
     D:9: 405 daAuts
  Lair:4: 176 daAuts
  Temple: 84 daAuts
